 Dungeon Crawl Stone Soup version 0.27.1-33-g824d729ab1 (webtiles) character file.

Game seed: 10243208158782382668

421 austinbyrn the Shield-Bearer (level 6, -11/58 HPs)
             Began as a Gargoyle Fighter on Dec 11, 2021.
             Splashed by an acid dragon's acid (13 damage)
             ... on level 5 of the Dungeon.
             The game lasted 00:06:21 (3386 turns).

austinbyrn the Shield-Bearer (Gargoyle Fighter)     Turns: 3386, Time: 00:06:23

Health: -11/58     AC: 14    Str: 22    XL:     6   Next: 94%
Magic:  0/6        EV:  8    Int:  8    God:
Gold:   157        SH: 10    Dex:  9    Spells: 5/5 levels left

rFire    . . .     SeeInvis .   a - +0 flail
rCold    . . .     Faith    .   c - +0 kite shield
rNeg     + . .     Spirit   +   b - +0 scale mail
rPois    ∞         Reflect  .   j - +0 helmet
rElec    +         Harm     .   (no cloak)
rCorr    .         Rampage  .   (no gloves)
Will     .....                  n - +1 pair of boots
Stlth    ..........             e - amulet of guardian spirit
HPRegen  0.19/turn              k - +4 ring of protection
MPRegen  0.10/turn              (no ring)

@: berserking, corroded, studying Necromancy, very quick
A: sickness immunity, AC +4, negative energy resistance 1, electricity
resistance, torment resistance 1, petrification resistance
a: no special abilities


You were on level 5 of the Dungeon.
You visited 1 branch of the dungeon, and saw 5 of its levels.

You collected 157 gold pieces.

Inventory:

Hand Weapons
 a - a +0 flail (weapon)
Missiles
 h - 14 poisoned darts (quivered)
Armour
 b - a +0 scale mail (worn)
 c - a +0 kite shield (worn)
 j - a +0 helmet (worn)
 n - a +1 pair of boots (worn)
Jewellery
 e - an amulet of guardian spirit (around neck)
 k - a +4 ring of protection (left hand)
 q - a +4 ring of protection
Wands
 p - a wand of paralysis (9)
Scrolls
 d - a scroll of teleportation {unknown}
 f - a scroll of identify
 g - a scroll of torment
 m - a scroll of summoning {unknown}
 r - a scroll of enchant armour {unknown}
Potions
 o - a potion of ambrosia


   Skills:
 + Level 4.7 Fighting
 * Level 4.7 Maces & Flails
 - Level 3.2 Armour
 * Level 5.8 Shields


You had 5 spell levels left.
You didn't know any spells.
Your spell library contained the following spells:

 Spells                   Type           Power      Damage    Failure   Level
 Sting                    Tmut/Pois      0%         1d3       98%         1
 Corpse Rot               Necr/Air       N/A        N/A       99%         2
 Poisonous Vapours        Pois/Air       0%         N/A       99%         2
 Olgreb's Toxic Radiance  Pois           0%         N/A       100%        4
 Freezing Cloud           Conj/Ice/Air   0%         6-21      100%        5


Dungeon Overview and Level Annotations

Branches:
Dungeon (5/15)
 Temple: D:4-7

Altars:
Cheibriados
Uskayaw
Wu Jian

Shops:
D:4 (


Innate Abilities, Weirdness & Mutations

You are immune to sickness and miasma.
Your stone body is resilient. (AC +4)
You are immune to poison.
You resist negative energy. (rN+)
You are resistant to electric shocks. (rElec)
You are resistant to unholy torment.
You are immune to petrification.


Message History

HP restored.
Magic restored.
You now have 157 gold pieces (gained 13).
A hound comes into view.
Found a scroll of fog.
An acid dragon comes into view.
The acid dragon roars!
You hit the hound.
The hound is moderately wounded.
The hound misses you. You block the hound's attack.
You barely miss the hound.
The hound is moderately wounded.
The hound bites you but does no damage. You block the hound's attack.
You hit the hound but do no damage.
The hound is moderately wounded.
The hound bites you. The hound barely misses you.
You hit the hound but do no damage.
The hound is moderately wounded.
The hound bites you. You block the hound's attack.
You hit the hound.
The hound is moderately wounded.
The hound bites you but does no damage. You block the acid dragon's attack.
The acid dragon closely misses you. The hound closely misses you.
You sock the hound!
You kill the hound!
The acid dragon bites you but does no damage.
The acid dragon claws you. The acid dragon barely misses you.
You block the acid dragon's attack.
You hit the acid dragon.
The acid dragon is lightly wounded.
The acid dragon spits acid at you. The splash of acid hits you!
The acid corrodes you!
You are splashed with acid!
* * * LOW HITPOINT WARNING * * *
It was a potion of berserk rage.
A red film seems to cover your vision as you go berserk!
You feel yourself moving faster!
You feel mighty! The acid dragon spits acid at you.
The splash of acid hits you!
* * * LOW HITPOINT WARNING * * *
You are splashed with acid!
You die...

...........#
>..(...<...#
...........#
...........#
...........#
=..........#
$..)....(..#
#........?.#
#######@#.##
#......D..#
#..?......#
#.........#
#.........#
#######+#.#
.# .#


You could see an acid dragon (catching breath).

Vanquished Creatures
  A black bear (D:4)
  An ogre (D:4)
  A howler monkey (D:4)
  3 hounds
  An iguana (D:4)
  3 adders
  A shadow imp (D:4)
  A dart slug (D:2)
  2 orcs
  4 ball pythons
  6 endoplasms
  6 giant cockroaches
  6 goblins
  5 hobgoblins
  A jackal (D:4)
  5 kobolds
  4 quokkas
  6 bats
  A frilled lizard (D:1)
  4 rats
62 creatures vanquished.

Notes
Turn   | Place    | Note
-------+----------+-------------------------------------------
     0 | D:1      | austinbyrn the Gargoyle Fighter began the quest for the
                  | Orb.
     0 | D:1      | Reached XP level 1. HP: 14/14 MP: 1/1
   350 | D:1      | Reached XP level 2. HP: 18/19 MP: 2/2
  1217 | D:2      | Reached XP level 3. HP: 23/23 MP: 3/3
  1422 | D:2      | Reached skill level 4 in Shields
  1696 | D:2      | Found a faded altar of an unknown god.
  2043 | D:3      | Found a snail-covered altar of Cheibriados.
  2197 | D:3      | Found an ornate altar of the Wu Jian Council.
  2275 | D:3      | Reached XP level 4. HP: 25/29 MP: 4/4
  2605 | D:4      | Noticed an ogre
  2681 | D:4      | Reached XP level 5. HP: 33/33 MP: 5/5
  2910 | D:4      | Killed an ogre
  2911 | D:4      | Reached skill level 5 in Shields
  2914 | D:4      | Found Sogewe's Weapon Shoppe.
  2979 | D:4      | Found a hide-covered altar of Uskayaw.
  3129 | D:4      | Noticed a black bear
  3160 | D:3      | Reached XP level 6. HP: 38/38 MP: 6/6
  3231 | D:4      | Killed a black bear
  3330 | D:5      | Entered Level 5 of the Dungeon
  3378 | D:5      | Noticed an acid dragon
  3386 | D:5      | HP: 2/58 [acid dragon/splash of acid (13)]
  3386 | D:5      | Splashed by an acid dragon's acid

Illustrated notes

Levels and vault maps discovered:
D:1:      nicolae_arrival_somewhat_less_tricky_arrival, layout_basic
D:2:      layout_loops_corners, dreamdust_ecumenical_altar_angels_and_demons
D:3:      layout_basic, mainiacjoe_overflow_alcove_2,
          nicolae_wu_jian_glorious_leap
D:4:      layout_cave_pools, nicolae_uskayaw_suspiria, serial_shops, shop,
          minmay_manual_monstrance
D:5:      layout_basic, pdpol_temple_overflow_zin_treasury_gozag_greed

Skill      XL: |  1  2  3  4  5 |
---------------+----------------+-----
Shields        | 4 5 |  5.8
Maces & Flails | 3 4 |  4.7
Fighting       | 4 |  4.7
Armour         | |  3.2

Action                   |  1- 3 |  4- 6 || total
-------------------------+-------+-------++-------
Melee: Flail             |   145 |    78 ||   223
Throw: Dart              |       |     3 ||     3
  Use: Scroll            |       |     6 ||     6
       Potion            |       |     3 ||     3
Armor: Scale mail        |   109 |    63 ||   172
Dodge: Dodged            |    49 |    40 ||    89
Block: Kite shield       |    83 |    70 ||   153
